 Dungeon Crawl Stone Soup version 0.18-a0-1060-g4fac74f (webtiles) character file.

14858 gorblad the Fighter (level 12, 0/78 HPs)
             Began as a Gargoyle Fighter on Jan 12, 2016.
             Was an Elder of Dithmenos.
             Killed from afar by a fire dragon (28 damage)
             ... with a blast of flame
             ... on level 4 of the Lair of Beasts on Jan 13, 2016.
             The game lasted 00:39:38 (12745 turns).

gorblad the Fighter (Gargoyle Fighter)             Turns: 12745, Time: 00:39:38

Health: 0/78       AC: 32    Str: 25    XL:     12   Next: 20%
Magic:  12/12      EV:  9    Int:  9    God:    Dithmenos [****..]
Gold:   580        SH: 10    Dex: 11    Spells: 0 memorised, 11 levels left

rFire  . . .     SeeInvis .     F - +3 rapier (speed)
rCold  . . .     Gourm    .     k - +0 plate armour
rNeg   + . .     Faith    .     c - +0 shield
rPois  ∞         Spirit   .     h - +2 helmet
rElec  +         Dismiss  .     H - +2 cloak of Resourcefulness {-Cast rPois MR+}
rCorr  .         Reflect  .     y - +2 pair of gloves
SustAt .         Harm     .     B - +0 pair of boots
MR     ++...     NoCast   +     r - amulet of regeneration
Stlth  ..........               m - +2 ring of dexterity
                                v - ring of protection from magic

@: wreathed by umbra, very resistant to hostile enchantments, extremely
unstealthy
A: negative energy resistance 1, electricity resistance, unbreathing,
petrification resistance, rot immunity, AC +8
a: Shadow Step, Renounce Religion


You were on level 4 of the Lair of Beasts.
You worshipped Dithmenos.
Dithmenos was greatly pleased with you.
You were hungry.

You visited 3 branches of the dungeon, and saw 14 of its levels.
You also visited: Ossuary.

You collected 938 gold pieces.
You spent 358 gold pieces at shops.

Inventory:

Hand Weapons
 F - a +3 rapier of speed (weapon)
Missiles
 S - 8 steel tomahawks (quivered)
Armour
 c - a +0 shield (worn)
 h - a +2 helmet (worn)
 k - a +0 plate armour (worn)
 y - a +2 pair of gloves (worn)
 B - a +0 pair of boots (worn)
 H - the +2 cloak of Resourcefulness (worn) {-Cast rPois MR+}
   (You bought it in a shop on level 8 of the Dungeon)

   It protects you from poison.
   It affects your resistance to hostile enchantments.
   It prevents spellcasting.
Jewellery
 m - a +2 ring of dexterity (right hand)
 o - an uncursed ring of fire {unknown}
 r - an amulet of regeneration (around neck)
 v - a ring of protection from magic (left hand)
Wands
 s - a wand of frost (37/48)
 K - a wand of digging (16/24)
Scrolls
 l - 4 scrolls of magic mapping
 u - 3 scrolls of teleportation
 x - 2 scrolls of remove curse
 D - 2 scrolls of fear
Potions
 b - 2 potions of magic
 d - a potion of might
 e - a potion of heal wounds
 g - 2 potions of ambrosia
 j - 2 potions of agility
 w - 2 potions of brilliance
 z - 6 potions of curing
 G - a potion of resistance
 M - 2 potions of cure mutation
 N - 4 potions of cancellation
 P - 2 potions of berserk rage
Miscellaneous
 a - a phantom mirror
 I - a piece from Xom's chessboard
Comestibles
 f - 8 bread rations
 i - 10 meat rations
 n - 7 fruits
 p - 5 beef jerkies
 A - 11 slices of pizza
 L - 2 royal jellies


   Skills:
 - Level 10.5 Fighting
 - Level 7.3 Short Blades
   Level 5.6 Axes
 - Level 6.0 Armour
 * Level 10.4 Dodging
 - Level 6.1 Shields


You had 11 spell levels left.
You didn't know any spells.

Dungeon Overview and Level Annotations

Branches:
Dungeon (9/15)             Temple (1/1) D:6            Lair (4/8) D:9
  Swamp (0/4) Lair:4
  Snake: Lair:3-6    Spider: Lair:3-6       Orc: D:9-12

Altars:
Ashenzari
Cheibriados
Dithmenos
Elyvilon
Fedhas
Gozag
Kikubaaqudgha
Makhleb
Nemelex Xobeh
Okawaru
Pakellas
Qazlal
Ru
Sif Muna
Trog
Vehumet
Xom
Yredelemnul
Zin
The Shining One

Shops:
D:8 [


Innate Abilities, Weirdness & Mutations

You are resistant to torment.
Your stone body is resilient (AC +8).
You are immune to poison.
You resist negative energy.
You are resistant to electric shocks.
You can survive without breathing.
You are immune to petrification.
You are immune to rotting.


Message History

The blast of flame hits you!
You hit the fire dragon but do no damage.
The fire dragon is moderately wounded.
The blink frog blinks!
Your shield and plate armour prevent you from hitting the fire dragon.
The fire dragon is moderately wounded.
The blink frog blinks!
The fire dragon bites you but does no damage.
The fire dragon claws you but does no damage.
The fire dragon tramples you but does no damage.
You hit the fire dragon.
The fire dragon is moderately wounded.
The fire dragon barely misses you. The fire dragon claws you.
The fire dragon tramples you but does no damage.
You hit the fire dragon.
The fire dragon is moderately wounded.
The blink frog blinks! x2
The fire dragon breathes flames at you. The blast of flame hits you!
You die...

###.# ### ##.##
###### ##...##
#....###
...#..####.##...#
..###...##.####.#
...#.......# #.#
###.######## #F#
.P#.# #.## ....#
#.@# #..## ##D#
##.# #S# #..#
#F## ...# #.§#
#....# ##..##
#..### #F$$.#
##.# #...†..# #.#
#......#


You could see a fire dragon, 3 blink frogs and a water moccasin.

Vanquished Creatures
  Erica (D:8)
  The ghost of chonchonts the Cleaver, a novice MiFi of Cheibriados (D:7)
  5 spiny frogs
  3 komodo dragons
  A fire drake (Lair:3)
  A troll (D:9)
  Grinder (D:5)
  A two-headed ogre (D:8)
  3 blink frogs
  6 yaks
  A wraith (D:7)
  A human (D:7)
  A basilisk (Lair:4)
  3 hippogriffs
  Eustachio (D:5)
  A hungry ghost (D:8)
  7 wolves
  6 swamp worms (Lair:4)
  7 water moccasins
  5 porcupines
  An orc warrior (D:7)
  4 black bears
  An eye of draining (D:8)
  3 sky beasts
  3 phantoms
  An ice beast (D:7)
  3 ogres
  3 centaurs
  7 crocodiles
  8 giant frogs
  3 scorpions
  5 killer bees (D:8)
  4 wights (D:9)
  3 electric eels
  A centaur zombie (D:8)
  4 crimson imps
  A giant frog zombie (D:8)
  2 hounds (D:6)
  3 orc priests
  2 jellies
  A gnoll shaman (D:8)
  A giant frog skeleton (D:9)
  4 orc wizards
  9 iguanas
  7 worker ants
  21 sheep
  A hound skeleton (D:6)
  8 mummies (Ossuary)
  11 gnolls
  14 adders
  32 river rats
  3 shadow imps
  An ooze (D:6)
  An adder skeleton (D:8)
  An adder zombie (D:6)
  3 worms
  4 giant geckos
  20 orcs
  11 bats
  4 giant cockroaches
  2 gnoll zombies (Ossuary)
  10 goblins
  8 hobgoblins
  7 jackals
  A quokka (D:5)
  A ball python (D:8)
  2 ball python skeletons
  A giant gecko skeleton (D:7)
  5 giant newts
  3 hobgoblin zombies (Ossuary)
  6 kobolds
  2 kobold zombies (Ossuary)
  An orc zombie (Ossuary)
  A quokka skeleton (D:8)
  10 rats
  3 fungi
  A plant (Lair:4)
339 creatures vanquished.

Vanquished Creatures (others)
  A fungus (Lair:3)
1 creature vanquished.

Grand Total: 340 creatures vanquished

Notes
Turn   | Place    | Note
--------------------------------------------------------------
     0 | D:1      | gorblad the Gargoyle Fighter began the quest for the Orb.
     0 | D:1      | Reached XP level 1. HP: 14/14 MP: 1/1
   155 | D:1      | Reached XP level 2. HP: 17/19 MP: 2/2
   642 | D:1      | Reached XP level 3. HP: 15/23 MP: 3/3
  1267 | D:2      | Reached XP level 4. HP: 29/29 MP: 4/4
  1383 | D:2      | Reached skill level 4 in Armour
  1556 | D:2      | Reached XP level 5. HP: 33/33 MP: 5/5
  1557 | D:2      | Found a faded altar to an unknown god.
  2158 | D:3      | Reached XP level 6. HP: 38/38 MP: 6/6
  2182 | D:3      | Found a radiant altar of Vehumet.
  2687 | D:4      | Found a bloodstained altar of Trog.
  3114 | D:5      | Entered Level 5 of the Dungeon
  3141 | D:5      | Noticed Grinder
  3169 | D:5      | Paralysed by Grinder for 7 turns
  3192 | D:5      | Killed Grinder
  3192 | D:5      | Reached skill level 5 in Armour
  3192 | D:5      | Reached XP level 7. HP: 14/44 MP: 7/7
  3290 | D:5      | Reached skill level 5 in Shields
  3552 | D:5      | Reached skill level 5 in Fighting
  3597 | D:5      | Reached skill level 5 in Axes
  3696 | D:5      | Reached XP level 8. HP: 26/49 MP: 8/8
  3825 | D:5      | Found a white marble altar of Elyvilon.
  3854 | D:5      | Noticed Eustachio
  3872 | D:5      | Killed Eustachio
  3872 | D:5      | Reached skill level 6 in Armour
  3884 | D:5      | Identified a scroll of acquirement
  4263 | D:5      | Reached skill level 1 in Short Blades
  4510 | D:6      | Found a stormy altar of Qazlal.
  4932 | D:6      | Found a staircase to the Ecumenical Temple.
  4959 | Temple   | Entered the Ecumenical Temple
  5268 | Temple   | Became a worshipper of Dithmenos the Shadowed
  5510 | D:6      | Reached XP level 9. HP: 56/56 MP: 9/9
  5654 | D:7      | Reached skill level 7 in Fighting
  5896 | D:7      | Noticed chonchonts's ghost (novice MiFi)
  5934 | D:7      | Killed chonchonts's ghost
  5934 | D:7      | Reached skill level 8 in Fighting
  5934 | D:7      | Reached skill level 5 in Short Blades
  6080 | D:7      | Reached skill level 9 in Fighting
  6287 | D:7      | Reached * piety under Dithmenos
  6287 | D:7      | Reached XP level 10. HP: 66/66 MP: 10/10
  6537 | D:7      | Found a bloodstained altar of Trog.
  6655 | D:8      | Noticed Erica
  6715 | D:8      | Killed Erica
  6715 | D:8      | Reached skill level 10 in Fighting
  7061 | D:8      | Found a sand-covered staircase.
  7068 | Ossuary  | Entered an ossuary
  7104 | Ossuary  | Reached ** piety under Dithmenos
  7315 | D:8      | Found a bloodstained altar of Trog.
  7458 | D:8      | Found Ahemett's Armour Emporium.
  7466 | D:8      | Bought a +1 helmet for 115 gold pieces
  7466 | D:8      | Bought the +2 cloak of Resourcefulness {-Cast rPois MR+} for 243 gold pieces
  7522 | D:8      | Reached skill level 1 in Dodging
  8001 | D:9      | Found a staircase to the Lair.
  8760 | Lair:1   | Entered Level 1 of the Lair of Beasts
  8845 | Lair:1   | Reached *** piety under Dithmenos
  9122 | Lair:1   | Reached skill level 5 in Dodging
  9122 | Lair:1   | Reached XP level 11. HP: 73/73 MP: 11/11
 11020 | Lair:3   | Reached **** piety under Dithmenos
 12096 | Lair:4   | Reached XP level 12. HP: 76/78 MP: 12/12
 12233 | Lair:4   | Reached skill level 10 in Dodging
 12347 | Lair:4   | Found a staircase to the Swamp.
 12374 | Lair:4   | Reached ***** piety under Dithmenos
 12660 | Lair:4   | Noticed a fire dragon
 12745 | Lair:4   | Killed from afar by a fire dragon

Vault maps used:
D:1:      dpeg_arrival_more_subterranean_lakeside_camping, hex_tiny
D:2:      ecumenical_altar_2, minmay_misc_feat_nine_boxes
D:3:      vehumet_crystals, first_bread
D:4:      hangedman_decor_lopped, trog_three_pillars_becter
D:5:      elyvilon_altar_1, uniq_eustachio, uniq_grinder
D:6:      temple_fountains, nicolae_qazlal_general_emergency
D:7:      lemuel_crystal_altar, grunt_livestock
D:8:      nicolae_ossuary_entry_plus, serial_shops, shop_statue,
          trog_ov_bears_minmay, uniq_erica
D:9:      lair_0_dummy, roderic_serpentine_path
Temple:   minmay_crystal_snake_temple_18
Lair:2:   minivault_27, beast_lair_carwin_11
Lair:3:   infiniplex_staircase_pool
Lair:4:   dragon1_lemuel, nicolae_swamp_entry_splash_gauntlet
Ossuary:  ossuary_tomb_3

Action                   |  1- 3 |  4- 6 |  7- 9 | 10-12 || total
-------------------------+-------+-------+-------+-------++-------
Melee: War axe           |   166 |   236 |   111 |       ||   513
       Rapier            |       |       |   346 |  1617 ||  1963
  Use: Scroll            |     4 |     9 |    10 |    11 ||    34
       Potion            |       |     3 |     7 |     7 ||    17
  Eat: Chunk             |     2 |     6 |    12 |    23 ||    43
       Pizza             |       |       |       |     3 ||     3
